Map: Catalyst LE

Players

Minato

  • Race: Zerg Zerg
  • Spawn Location: 5:00

Awers (Hades) - Winner!

  • Race: Terran Terran
  • Spawn Location: 11:00

Event: IEM Season 12 - Katowice

VOD

Have the link to the VOD?

Description

Time

  • Played on: Feb. 26, 2018, 8:57 a.m.
  • Length: 10:25

All games in this series

Show
View Real Time Build Order
Export as new Build Order

Minato Zerg 

Build Orders: Hatch First 

Get SALT Encoding   

  12  0:00  Drone  
  13  0:13  Overlord  
  13  0:17  Drone  
  14  0:31  Drone x2  
  16  0:36  Drone  
  17  0:54  Hatchery  
  16  0:57  Drone  
  16  1:00  Drone  
  18  1:11  Extractor  
  18  1:16  Spawning Pool  
  16  1:18  Drone  
  16  1:21  Drone  
  18  1:29  Drone  
  19  1:42  Overlord  
  19  1:58  Drone  
  20  2:03  Queen, Zergling x2  
  20  2:06  Drone, Queen  
  26  2:13  Drone  
  26  2:14  Metabolic Boost  
  27  2:18  Drone  
  27  2:22  Drone  
  28  2:34  Drone x2, Extractor  
  30  2:39  Queen  
  30  2:43  Queen  
  34  2:46  Overlord  
  34  2:48  Drone  
  34  3:01  Extractor  
  34  3:03  Zergling x4  
  35  3:06  Drone x2  
  37  3:14  Drone x3  
  37  3:16  Drone x3  
  43  3:23  Extractor  
  43  3:25  Overlord x2  
  43  3:33  Hatchery  
  43  3:43  Queen  
  45  3:50  Queen  
  47  3:56  Drone  
  47  3:57  Drone x3  
  47  4:02  Zergling x10  
  56  4:03  Zergling x4  
  58  4:13  Overlord  
  58  4:32  Drone  
  58  4:34  Overlord x3  
  58  4:37  Lair  
  59  4:38  Roach Warren  
  59  4:44  Queen  
  60  4:46  Queen  
  60  4:47  Drone x3  
  65  4:55  Drone x4  
  69  5:04  Drone x8  
  77  5:12  Overlord  
  77  5:18  Overlord x2  
  77  5:19  Overlord  
  77  5:24  Spore Crawler  
  76  5:29  Spore Crawler  
  76  5:31  Drone x3  
  75  5:38  Roach  
  75  5:39  Roach  
  69  5:54  Roach x2  
  69  5:55  Roach x4  
  77  5:59  Roach x2  
  77  6:00  Roach x2  
  77  6:10  Roach  
  76  6:12  Overlord x3  
  72  6:19  Queen  
  72  6:25  Overseer  
  73  6:28  Drone x2  
  73  6:29  Drone x4  
  73  6:31  Queen  
  81  6:33  Spore Crawler  
  81  6:34  Drone  
  79  6:44  Drone x2  
  79  6:45  Drone  
  82  6:51  Drone x2  
  82  6:52  Drone x2  
  86  7:01  Glial Reconstitution  
  86  7:05  Drone x2  
  86  7:06  Drone x3  
  86  7:08  Extractor  
  92  7:09  Extractor  
  92  7:10  Extractor  
  92  7:12  Drone x2, Extractor  
  92  7:13  Extractor  
  90  7:16  Drone  
  89  7:38  Evolution Chamber  
  89  7:43  Roach x5  
  98  7:45  Overlord x4  
  98  7:46  Overlord x2  
  98  7:50  Evolution Chamber  
  97  8:02  Hatchery  
  96  8:06  Roach  
  96  8:07  Roach x11  
  96  8:09  Roach  
  122  8:16  Zerg Missile Weapons Level 1  
  122  8:22  Roach x4  
  122  8:24  Roach  
  129  8:37  Drone x2  
  129  8:38  Drone  
  129  8:40  Drone x2  
  129  8:41  Drone x6  
  138  8:44  Drone  
  139  9:02  Hydralisk Den  
  135  9:05  Drone x2  
  135  9:06  Drone x6  
  143  9:15  Drone x3  
  146  9:22  Overlord x4  
  146  9:23  Overlord  
  146  9:27  Roach  
  146  9:28  Roach x4  
  126  9:42  Hydralisk x3  
  126  9:43  Roach x3, Hydralisk  
  108  9:52  Roach x3  
  110  9:53  Roach  
Show
View Real Time Build Order
Export as new Build Order

Awers Terran - Winner!

Build Orders: Reaper Expand, Hellion Banshee, Mech 

Get SALT Encoding   

  12  0:00  SCV  
  13  0:12  SCV  
  14  0:18  Supply Depot  
  14  0:24  SCV  
  15  0:39  SCV  
  15  0:41  Barracks  
  16  0:44  Refinery  
  16  0:51  SCV  
  17  1:03  SCV  
  18  1:16  SCV  
  19  1:28  Reaper, Orbital Command  
  20  1:40  Command Center  
  20  1:49  Supply Depot  
  20  1:54  SCV  
  21  2:00  Marine  
  22  2:05  Factory  
  23  2:08  SCV  
  23  2:15  Refinery  
  23  2:20  SCV  
  23  2:22  Barracks Reactor  
  24  2:32  SCV  
  25  2:44  SCV  
  26  2:51  Starport  
  26  2:53  Orbital Command  
  26  2:58  SCV  
  27  3:02  Hellion x2  
  31  3:13  SCV  
  31  3:14  Barracks Tech Lab  
  32  3:21  SCV  
  32  3:25  SCV  
  32  3:26  Hellion x2  
  38  3:30  Supply Depot  
  38  3:33  SCV  
  39  3:35  Viking  
  39  3:37  SCV, Cloaking Field  
  42  3:45  SCV  
  43  3:49  SCV  
  43  3:51  Hellion  
  43  3:52  Hellion  
  43  3:55  Supply Depot  
  48  3:57  SCV  
  48  4:01  SCV  
  50  4:05  Banshee  
  50  4:08  Armory  
  50  4:09  SCV  
  54  4:16  SCV  
  59  4:17  Hellion x2  
  59  4:22  Supply Depot  
  59  4:23  SCV  
  60  4:28  SCV  
  61  4:35  SCV  
  62  4:44  SCV, Hellion x2  
  67  4:46  Supply Depot  
  67  4:47  SCV  
  67  4:52  Supply Depot  
  68  4:56  SCV, Terran Vehicle Weapons Level 1  
  68  4:59  SCV  
  70  5:07  Banshee  
  70  5:08  SCV  
  70  5:11  SCV  
  70  5:13  Refinery  
  75  5:14  Command Center  
  75  5:16  Hellion x2, Refinery  
  75  5:20  SCV  
  80  5:23  SCV  
  80  5:27  Factory  
  81  5:29  Factory  
  81  5:32  SCV  
  82  5:36  SCV  
  83  5:44  SCV  
  83  5:48  SCV  
  85  5:56  Hellion  
  86  6:01  Supply Depot x2  
  86  6:06  Starport Reactor  
  86  6:08  SCV x2, Hellion  
  78  6:20  SCV x2, Factory Tech Lab  
  78  6:24  Supply Depot, Armory  
  72  6:27  Thor  
  72  6:29  Orbital Command  
  72  6:32  SCV x2  
  80  6:38  Hellion x2  
  84  6:43  Thor  
  84  6:44  SCV x2  
  92  6:53  Terran Vehicle Weapons Level 2  
  92  6:56  SCV  
  92  6:58  SCV  
  92  7:00  Orbital Command, Refinery  
  92  7:02  Medivac  
  95  7:08  SCV  
  95  7:10  SCV  
  95  7:14  Siege Tank  
  99  7:16  Refinery  
  99  7:17  Hellion x2  
  99  7:20  SCV  
  99  7:22  SCV  
  105  7:23  Liberator  
  105  7:27  Factory  
  105  7:30  Factory  
  105  7:32  SCV  
  105  7:35  SCV  
  107  7:42  SCV  
  111  7:44  SCV  
  111  7:46  Siege Tank  
  111  7:47  Hellion x2, SCV  
  120  7:52  Terran Vehicle And Ship Armor Level 1  
  120  7:54  Supply Depot  
  120  7:55  Supply Depot  
  120  7:56  SCV x2  
  120  7:57  Siege Tank  
  125  7:58  Supply Depot  
  125  8:05  Supply Depot x2  
  125  8:10  Command Center  
  125  8:13  Factory Tech Lab, Factory Reactor  
  125  8:19  Thor  
  133  8:20  Hellion x2  
  133  8:26  Viking x2  
  139  8:30  Engineering Bay  
  139  8:31  Siege Tank  
  142  8:39  Siege Tank  
  145  8:47  Infernal Pre-Igniter  
  145  8:54  Hellion x2  
  149  8:58  Missile Turret x2  
  149  9:00  Missile Turret  
  149  9:07  Hellion x3, Siege Tank  
  149  9:09  Missile Turret  
  158  9:11  Supply Depot  
  158  9:12  Supply Depot  
  158  9:13  Siege Tank  
  158  9:26  Hellion  
  158  9:28  Siege Tank  
  163  9:34  Refinery  
  163  9:38  Refinery  
  147  9:39  Hellion, Thor  
  135  10:00  Hellion  
  135  10:03  Starport  
  135  10:04  Starport  

Tags
 
Add a new tag
Caveats
  • Supply blocks, unpowered buildings, or Contaminate may cause inaccurate times.
  • Supply counts are checked every 10 seconds.